cohdb
Replays
Latest Replays
All Replays
Popular Replays
Top Player Replays
Match Explorer
How It Works
Community
CoH3 Stats
Reddit
Sign in to upload your games and track your stats! →
Sign in with Steam
Match 45729485
Unlisted
Match 45729485
Overview
Messages
Build Orders
End
Construct Barracks
Selects Heavy Weapons
Riflemen Squad
Riflemen Squad
Construct Weapon Support Center
M1919 Machine Gun Team
Grenade Package
Selects M2HB .50cal Heavy Machine Gun
Bazooka Squad
Air Support Center
P-47 Strafing Run
M1919 Machine Gun Team
Selects Assault Carriers
Selects Exchangeable Parts
M3 Assault Carrier
AI Takeover
Don Pitudo
Anna
sorij0825
Revy106
High Voltage
这游戏太难了
0
0
Comments
sign in to comment!
No comments posted yet!